AoeStats
← Autopawn

MegaRandom

508128683Analyzed
3v3 RM · 10d ago on Sep 21, 2026· 70m 24s· 6 players
Game mode
Random Map
Map size
Normal (6 player)
Population
200
Speed
Normal
Resources
Standard
Victory
Conquest
Starting age
Dark Age
Ending age
Imperial Age
RankedLock teamsTeams togetherTeam positionsShared explorationLock speedFull tech treeHidden civsTurbo modeCheats
Victory
Defeat
🇧🇷 Mongols · Brazil
1079
+13
🇺🇸 Gurjaras · United States
1066
+13
🇦🇷 Spanish · Argentina
1063
+14
🇨🇱 Wei · Chile
1033
-14
🇨🇱 Vikings · Chile
1010
-13
🇨🇱 Vietnamese · Chile
996
-13
Pepe Sapo
7:57 Loom
10:04 Feudal Age
11:47 Double-Bit Axe
18:13 Castle Age
20:13 Padded Archer Armor
24:58 Horse Collar
30:48 Murder Holes
31:09 Fletching
30:51 Pikeman
31:31 Squires
38:37 Imperial Age
37:54 Wheelbarrow
37:05 Town Watch
37:53 Bow Saw
39:46 Conscription
39:49 Redemption
40:11 Block Printing
40:35 Scale Barding Armor
45:18 Bloodlines
45:08 Husbandry
45:42 Conscription
44:58 Halberdier
45:38 Squires
53:24 Bodkin Arrow
55:02 Ballistics
54:13 Elite Skirmisher
55:59 Gambesons
56:16 Scale Mail Armor
56:42 Forging
AoeAuthority.com
12:20 Feudal Age
17:44 Castle Age
17:40 Double-Bit Axe
18:33 Loom
19:32 Horse Collar
20:50 Bloodlines
20:40 Husbandry
21:22 Bow Saw
25:07 Heavy Plow
27:32 Scale Barding Armor
31:19 Gold Mining
35:48 Imperial Age
34:11 Wheelbarrow
34:50 Forging
34:32 Fletching
35:19 Ballistics
35:11 Fortified Wall
36:33 Bodkin Arrow
38:34 Hand Cart
39:53 Chemistry
38:45 Town Watch
39:47 Heavy Camel Rider
40:38 Elite Chakram Thrower
46:26 Iron Casting
53:27 Frontier Guards
57:23 Kshatriyas
57:55 Hoardings
67:24 Chain Barding Armor
67:05 Padded Archer Armor
67:05 Bracer
69:03 Plate Barding Armor
taiwan180
11:34 Feudal Age
12:12 Loom
15:53 Castle Age
13:52 Double-Bit Axe
15:47 Fletching
16:51 Bow Saw
17:03 Bodkin Arrow
20:22 Horse Collar
25:19 Ballistics
25:07 Thumb Ring
25:03 Padded Archer Armor
27:08 Heavy Plow
32:26 Gold Mining
36:33 Imperial Age
34:42 Wheelbarrow
35:43 Leather Archer Armor
35:27 Murder Holes
37:02 Gold Shaft Mining
36:28 Stone Mining
39:48 Heavy Cavalry Archer
41:30 Bracer
43:21 Chemistry
43:38 Drill
43:38 Conscription
42:40 Onager
46:56 Siege Onager
48:28 Pikeman
49:09 Squires
48:54 Arson
49:10 Scale Mail Armor
49:21 Forging
49:12 Capped Ram
53:13 Chain Mail Armor
53:34 Iron Casting
54:55 Siege Ram
56:34 Plate Mail Armor
57:04 Blast Furnace
60:49 Hand Cart
62:45 Siege Engineers
66:58 Light Cavalry
67:39 Husbandry
67:49 Bloodlines
67:42 Hussar
70:11 Scale Barding Armor
Autopawn
7:12 Loom
12:05 Feudal Age
12:41 Double-Bit Axe
15:10 Man-at-Arms
18:18 Castle Age
20:32 Fletching
20:44 Scale Mail Armor
21:50 Padded Archer Armor
23:48 Leather Archer Armor
23:45 Elite Skirmisher
36:08 Town Watch
38:20 Forging
38:38 Chain Mail Armor
41:14 Horse Collar
42:19 Squires
43:27 Iron Casting
42:53 Long Swordsman
43:04 Long Swordsman
45:08 Bow Saw
45:02 Bodkin Arrow
45:21 Gambesons
46:24 Crossbowman
48:29 Arson
49:19 Gold Mining
52:15 Imperial Age
51:14 Heavy Plow
51:31 Chieftains
52:36 Elite Berserk
57:49 Arbalester
58:55 Imperial Skirmisher
gabrieloresp
8:52 Loom
11:43 Feudal Age
12:59 Feudal Age
17:25 Castle Age
16:13 Double-Bit Axe
20:11 Fletching
21:05 Bodkin Arrow
20:58 Elite Skirmisher
23:38 Horse Collar
25:05 Padded Archer Armor
27:13 Ballistics
28:58 Heavy Plow
35:22 Imperial Age
35:44 Imperial Skirmisher
37:05 Thumb Ring
39:03 Wheelbarrow
38:45 Bracer
43:45 Leather Archer Armor
49:18 Siege Engineers
50:14 Chemistry
51:41 Paper Money
55:12 Treadmill Crane
58:24 Elite Fire Lancer
60:56 Squires
60:43 Arson
62:08 Scale Mail Armor
62:18 Forging
63:43 Elite Rattan Archer
66:24 Iron Casting
66:05 Chain Mail Armor
67:19 Bow Saw
alfredoruninm
9:11 Loom
11:55 Feudal Age
16:08 Castle Age
14:15 Double-Bit Axe
14:58 Horse Collar
17:49 Bow Saw
17:35 Gold Mining
19:00 Stone Mining
20:46 Bloodlines
22:12 Scale Barding Armor
24:47 Wheelbarrow
24:36 Husbandry
25:58 Hand Cart
27:24 Chain Barding Armor
32:25 Forging
36:32 Imperial Age
35:14 Iron Casting
35:41 Stone Shaft Mining
35:43 Gold Shaft Mining
34:38 Light Cavalry
36:58 Town Watch
37:59 Conscription
40:55 Hussar
44:19 Blast Furnace
45:57 Ming Guang Armor
48:25 Chemistry
47:36 Masonry
48:21 Fletching
48:32 Padded Archer Armor
49:02 Parthian Tactics
48:42 Thumb Ring
49:04 Ballistics
49:45 Bodkin Arrow
50:13 Town Patrol
51:14 Masonry
51:41 Hoardings
51:07 Tuntian
52:15 Treadmill Crane
54:16 Bracer
54:32 Leather Archer Armor
57:21 Ring Archer Armor
56:56 Devotion
61:47 Elite Tiger Cavalry
Connection lost

Rejoining the realm…

Still unreachable

The connection could not be restored.

Session expired

The server has moved on; the page needs a fresh start.